 Dungeon Crawl Stone Soup version 0.26-a0-670-g578ab304f5 (webtiles) character file.

Game seed: 14008489646713301132

(classic levelgen) 527 EnegeticOcto the Cutter (level 7, -2/46 HPs)
             Began as a Halfling Earth Elementalist on Oct 19, 2020.
             Slain by an orc warrior
             ... wielding a +0 scimitar
              (19 damage)
             ... on level 6 of the Dungeon.
             The game lasted 00:10:17 (1551 turns).

EnegeticOcto the Cutter (HaEE)                      Turns: 1551, Time: 00:10:18

Health: -2/46      AC:  7    Str:  5    XL:     7   Next: 47%
Magic:  9/9        EV: 15    Int: 17    God:
Gold:   223        SH:  0    Dex: 15    Spells: 3/9 levels left

rFire    . . .     SeeInvis .   e - +5 short sword (elec)
rCold    + . .     Faith    .   (shield restricted)
rNeg     + . .     Spirit   .   s - +5 robe of Qazlal's Favour {rC+ rN+ Str-4 Int+2}
rPois    .         Reflect  .   (no helmet)
rElec    .         Harm     .   (no cloak)
rCorr    .         Rampage  .   (no gloves)
MR       .....                  (no boots)
Stlth    ++........             (no amulet)
HPRegen  0.15/turn              (no ring)
MPRegen  0.11/turn              (no ring)

@: no status effects
A: small, mutation resistance 1
a: no special abilities


You were on level 6 of the Dungeon.
You visited 1 branch of the dungeon, and saw 7 of its levels.

You collected 223 gold pieces.

Inventory:

Hand Weapons
 e - a +5 short sword of electrocution (weapon)
 k - a +0 rapier
 p - a +1 short sword of speed
Missiles
 b - 125 stones
 o - 3 boomerangs (quivered)
Armour
 c - a +0 kite shield
 m - a +4 chain mail
 s - the +5 robe of Qazlal's Favour (worn) {rC+ rN+ Str-4 Int+2}
   (You found it on level 5 of the Dungeon)

   It affects your strength (-4).
   It affects your intelligence (+2).
   It protects you from cold.
   It protects you from negative energy.
Wands
 v - a wand of digging (3) {@v3}
Scrolls
 d - a scroll of remove curse {unknown}
 f - a scroll of fear {unknown}
 h - a scroll of teleportation {@r3 !r}
 j - a scroll of random uselessness {unknown}
 r - a scroll of noise {unknown}
Potions
 a - 2 potions of curing {unknown}
 g - a potion of resistance
 i - 2 potions of might {@q3 !q}
 n - a potion of ambrosia {unknown}
 q - a potion of berserk rage {unknown}
 t - 2 potions of mutation {unknown}


   Skills:
 - Level 3.0 Fighting
 + Level 5.5 Short Blades
 - Level 2.1 Dodging
 - Level 2.1 Stealth
 - Level 1.5 Spellcasting
 - Level 0.5 Transmutations
 + Level 5.3 Earth Magic


You had 3 spell levels left.
You knew the following spells:

 Your Spells              Type           Power        Failure   Level
a - Sandblast             Erth           ###...       2%          1
b - Stone Arrow           Conj/Erth      ##....       21%         3
p - Passwall              Tmut/Erth      ##......     10%         2

Your spell library contained the following spells:

 Spells                   Type           Power        Failure   Level
 Corona                   Hex            #......      21%         1
 Summon Small Mammal      Summ           #...         21%         1
 Call Imp                 Summ           #.......     30%         2
 Ensorcelled Hibernation  Hex/Ice        #.....       30%         2
 Call Canine Familiar     Summ           #.......     52%         3
 Confusing Touch          Hex            #.......     52%         3
 Dazzling Flash           Conj/Hex       #.....       52%         3
 Summon Guardian Golem    Hex/Summ       #.......     52%         3
 Tukima's Dance           Hex            #.......     52%         3
 Petrify                  Tmut/Erth      ##......     52%         4
 Lee's Rapid Deconstruct  Erth           ###.......   54%         5
 Summon Ice Beast         Ice/Summ       #.......     90%         4
 Summon Lightning Spire   Summ/Air       #.......     90%         4


Dungeon Overview and Level Annotations

Branches:
Dungeon (7/15)
 Temple: D:4-7

Altars:
Kikubaaqudgha
Trog
Vehumet

Annotations:
D:6 3 runed translucent doors, dmitrys's ghost, novice DrTm


Innate Abilities, Weirdness & Mutations

You are small and have problems with some larger weapons.
You are somewhat resistant to further mutation.


Message History

Aim: an orc, wielding a +0 flail and wearing a +0 ring mail The blast of sand hits the orc.
The orc is lightly wounded.
b - 126 stones
Casting: Sandblast (safe; 2% risk of failure)
Confirm with . or Enter, or press ? or * to list all spells.
Aiming: Sandblast (safe; 2% risk of failure)
Press: ? - help, Shift-Dir - straight line, f/p - orc
Aim: an orc, wielding a +0 flail and wearing a +0 ring mail (lightly wounded)
The blast of sand hits the orc.
You kill the orc!
b - 125 stones The white imp shouts!
You climb upwards.
Level annotation: 3 runed translucent doors, dmitrys's ghost, novice DrTm
There is a stone staircase leading down here.
You hit the orc warrior but do no damage.
The orc warrior closely misses you.
You hit the orc warrior.
The orc warrior is lightly wounded.
The orc warrior misses you.
You barely miss the orc warrior.
The orc warrior is lightly wounded.
You hit the orc warrior.
The orc warrior is lightly wounded.
The orc warrior closely misses you.
You barely miss the orc warrior.
The orc warrior is lightly wounded.
The orc warrior closely misses you.
You barely miss the orc warrior.
The orc warrior is lightly wounded.
The orc warrior hits you with a +0 scimitar!
You barely miss the orc warrior.
The orc warrior is lightly wounded.
You completely miss the orc warrior.
The orc warrior is lightly wounded.
The orc warrior closely misses you.
You hit the orc warrior.
Lightning courses through the orc warrior!
The orc warrior is severely wounded.
The orc warrior barely misses you.
You completely miss the orc warrior.
The orc warrior is severely wounded.
You hit the orc warrior.
The orc warrior is severely wounded.
The orc warrior misses you.
You hit the orc warrior but do no damage.
The orc warrior is severely wounded.
The orc warrior hits you with a +0 scimitar!
You hit the orc warrior but do no damage.
The orc warrior is severely wounded.
You hit the orc warrior but do no damage.
The orc warrior is severely wounded.
The orc warrior hits you with a +0 scimitar!
* * * LOW HITPOINT WARNING * * *
The teleport trap disappears.
The orc warrior disappears!
Your +5 short sword of electrocution stops crackling.
v - a wand of digging (3) (in hand) {@v3} You swing at nothing.
You swing at nothing.
You swing at nothing.
You swing at nothing.
You swing at nothing.
You swing at nothing.
You swing at nothing.
You swing at nothing.
You swing at nothing.
You swing at nothing.
You swing at nothing.
Throwing (i - inventory. (/) - cycle)
o - 3 boomerangs (quivered)
Press: ? - help, Shift-Dir - straight line, f - orc warrior
Aim: an orc warrior, wielding a +0 scimitar and wearing a +0 chain mail (severely wounded)
You throw a boomerang.
The boomerang hits the orc warrior but does no damage.
The orc warrior is severely wounded.
Throwing (i - inventory. (/) - cycle)
o - 3 boomerangs (quivered)
Press: ? - help, Shift-Dir - straight line, f/p - orc warrior
Aim: an orc warrior, wielding a +0 scimitar and wearing a +0 chain mail (severely wounded)
You throw a boomerang.
The boomerang closely misses the orc warrior.
You open the door.
There is an open door here.
There is an open door here.
You hear the crackle of electricity.
e - a +5 short sword of electrocution (weapon)
You closely miss the orc warrior.
The orc warrior is severely wounded.
The orc warrior misses you.
You hit the orc warrior.
The orc warrior is almost dead.
You hit the orc warrior.
The orc warrior is almost dead.
The orc warrior hits you with a +0 scimitar!
* * * LOW HITPOINT WARNING * * *
Really quaff
u - a potion of heal wounds {@q2 !q}?
You feel much better. The orc warrior closely misses you.
You hit the orc warrior but do no damage.
The orc warrior is almost dead.
The orc warrior hits you with a +0 scimitar!!
You die...

,,*.....##.....#......#......'...
,,*............#......#......#'##
,,*.....##'######...[)#..........
,,+.....##.....##....)#######....
,,*............+.>..........#....
,,*............#............#....
,,,.######.##..####...####..#....
****,,,,##.##..#####'############
* *,,,,#.......@o.......# *
*,,,,#........#.......# *
*,,,,################## ******


You could see an orc warrior.

Vanquished Creatures
  2 ogres
  3 bullfrogs
  A hound (D:5)
  An orc priest (D:4)
  A worker ant (D:4)
  A howler monkey skeleton (D:6)
  An adder (D:3)
  A shadow imp (D:4)
  A white imp (D:6)
  An ufetubus (D:5)
  2 worms
  A dart slug (D:1)
  13 orcs
  5 goblins
  7 jackals
  A ball python (D:2)
  3 bats
  3 frilled lizards
  3 kobolds (D:1)
  3 rats
54 creatures vanquished.

Vanquished Creatures (others)
  2 plants (D:3)
2 creatures vanquished.

Grand Total: 56 creatures vanquished

Notes
Turn   | Place    | Note
-------+----------+-------------------------------------------
     0 | D:1      | EnegeticOcto the Halfling Earth Elementalist began the
                  | quest for the Orb.
     0 | D:1      | Reached XP level 1. HP: 11/11 MP: 3/3
   210 | D:1      | Reached XP level 2. HP: 14/17 MP: 4/4
   238 | D:1      | Reached skill level 1 in Short Blades
   327 | D:3      | Reached XP level 3. HP: 21/21 MP: 5/5
   360 | D:3      | Reached skill level 2 in Short Blades
   364 | D:2      | Found an ancient bone altar of Kikubaaqudgha.
   467 | D:4      | Reached skill level 4 in Earth Magic
   467 | D:4      | Reached XP level 4. HP: 25/27 MP: 6/6
   496 | D:4      | HP: 1/27 [orc priest/divine providence (15)]
   497 | D:4      | Reached skill level 3 in Short Blades
   655 | D:4      | Reached XP level 5. HP: 12/31 MP: 3/7
   765 | D:3      | Noticed an ogre
   827 | D:4      | Noticed an ogre
   839 | D:4      | Killed an ogre
   839 | D:4      | Reached skill level 1 in Fighting
   839 | D:4      | Reached skill level 4 in Short Blades
   839 | D:4      | Reached XP level 6. HP: 9/38 MP: 8/8
   948 | D:5      | Entered Level 5 of the Dungeon
   988 | D:5      | Got a crude robe
   998 | D:5      | Identified the +5 robe of Qazlal's Favour {rC+ rN+ Str-4
                  | Int+2} (You found it on level 5 of the Dungeon)
  1020 | D:5      | Learned a level 2 spell: Passwall
  1024 | D:5      | Learned a level 3 spell: Stone Arrow
  1086 | D:7      | Reached skill level 2 in Fighting
  1090 | D:7      | Noticed an ogre
  1097 | D:7      | Killed an ogre
  1098 | D:7      | Noticed an ogre
  1117 | D:6      | Reached skill level 5 in Short Blades
  1117 | D:6      | Reached skill level 5 in Earth Magic
  1117 | D:6      | Reached XP level 7. HP: 33/45 MP: 4/9
  1197 | D:6      | Noticed dmitrys's ghost (novice DrTm)
  1207 | D:6      | Found a runed translucent gate.
  1207 | D:6      | Found a runed translucent gate.
  1209 | D:6      | Found a runed translucent gate.
  1354 | D:5      | Found a bloodstained altar of Trog.
  1371 | D:5      | Reached skill level 3 in Fighting
  1468 | D:6      | Found a radiant altar of Vehumet.
  1551 | D:6      | Slain by an orc warrior

Illustrated notes

Levels and vault maps discovered:
D:1:      elethiomel_arrival_maze, layout_basic, hex_tiny
D:2:      wad_pebble_path, layout_loops_ring, lemuel_crystal_altar, uniq_robin
D:3:      cheibrodos_old_hovel, layout_rooms, minmay_misc_feat_enclosed,
          minmay_vboxes, uniq_terence
D:4:      minmay_wonky_spiral, layout_loops_ring, gammafunk_temple_overflow_wave
D:5:      layout_loops_ring, lemuel_round_altar
D:6:      layout_gridville, old_standard_altar, gammafunk_ghost_split
D:7:      layout_cave_pools, doesnt_xom_only_xom,
          minmay_temple_entry_gardened_gates, uniq_harold

Skill      XL: |  1  2  3  4  5  6  7 |
---------------+----------------------+-----
Short Blades   | 1 2 3 4 5 |  5.5
Earth Magic    | 4 5 |  5.3
Fighting       | 1 2 3 |  3.0
Dodging        | |  2.1
Stealth        | |  2.1
Spellcasting   | |  1.5
Transmutations | |  0.5

Action                   |  1- 3 |  4- 6 |  7- 9 || total
-------------------------+-------+-------+-------++-------
Melee: Short sword       |    40 |    46 |    36 ||   122
Throw: Stone             |       |     3 |       ||     3
       Boomerang         |       |       |     3 ||     3
 Cast: Sandblast         |     9 |    12 |     7 ||    28
       Passwall          |       |       |     4 ||     4
  Use: Scroll            |       |     3 |     6 ||     9
       Potion            |       |     2 |     1 ||     3
 Stab: Sleeping          |     2 |       |       ||     2
Armor: Robe              |     4 |     3 |     4 ||    11
       Chain mail        |       |    13 |       ||    13
Dodge: Dodged            |    28 |    19 |    18 ||    65

Table legend: (Time is in decaauts)
 A = Elapsed time spent in this place.
 B = Non-inter-level travel time spent in this place.
 C = Inter-level travel time spent in this place.
 D = Time resting spent in this place.
 E = Time spent auto-exploring this place.
 F = Levels seen in this place.
 G = Mean time per level.
                   A        B        C        D        E       F      G
               +--------+--------+--------+--------+--------+-----+--------+
         Total |   1600 |   1576 |     24 |      0 |      0 |   7 |  228.6 |
       Dungeon |   1600 |   1576 |     24 |      0 |      0 |   7 |  228.6 |
               +--------+--------+--------+--------+--------+-----+--------+

Top non-repeatable levels by time:
     D:4: 479 daAuts
     D:6: 339 daAuts
     D:1: 250 daAuts
     D:5: 225 daAuts
     D:3: 192 daAuts
     D:2: 76 daAuts
     D:7: 37 daAuts
